 Dungeon Crawl Stone Soup version 0.17.0-28-g6e173f8 (webtiles) character file.

381 BiggieSmalls the Ducker (level 6, 0/53 HPs)
             Began as a Draconian Berserker on Nov 22, 2015.
             Was a Priest of Trog.
             Succumbed to a gnoll's poison
             ... on level 4 of the Dungeon on Nov 24, 2015.
             The game lasted 00:20:38 (3247 turns).

BiggieSmalls the Ducker (Draconian Berserker)       Turns: 3247, Time: 00:20:38

Health: 0/53       AC:  6    Str: 20    XL:     6   Next: 46%
Magic:  6/6        EV: 10    Int:  7    God:    Trog [***...]
Gold:   193        SH:  0    Dex: 17    Spells: 0 memorised, 5 levels left

rFire  . . .     SeeInvis .     a - +0 hand axe
rCold  . . .     Clarity  .     (armour unavailable)
rNeg   . . .     SustAt   .     (no shield)
rPois  .         Gourm    .     (helmet restricted)
rElec  .         Spirit   .     (no cloak)
rCorr  .         Warding  .     (no gloves)
rMut   .         Stasis   .     (no boots)
MR     .....                    (no amulet)
Stlth  ++........               (no ring)
                                d - +5 ring of dexterity

@: lethally poisoned (0 -> -12), not resistant to hostile enchantments,
unstealthy
A: unfitting armour, cold-blooded, AC +6
a: Berserk, Trog's Hand, Burn Spellbooks, Renounce Religion


You were on level 4 of the Dungeon.
You worshipped Trog.
Trog was most pleased with you.
You were not hungry.

You visited 1 branch of the dungeon, and saw 4 of its levels.

You collected 193 gold pieces.

Inventory:

Hand Weapons
 a - a +0 hand axe (weapon)
Jewellery
 d - a +5 ring of dexterity (left hand)
 e - an uncursed amulet of resist mutation
Wands
 k - a wand of frost (16)
Scrolls
 b - 3 scrolls of identify
 g - 2 scrolls of blinking
Comestibles
 f - 3 beef jerkies
 i - 2 meat rations
 j - 2 bread rations


   Skills:
 + Level 4.4 Fighting
 + Level 4.5 Axes
 + Level 5.0 Dodging
 + Level 1.7 Stealth


You had 5 spell levels left.
You didn't know any spells.

Dungeon Overview and Level Annotations

Branches:
Dungeon (4/15)
 Temple: D:4-7

Altars:
Gozag
Nemelex Xobeh
Sif Muna
Trog

Shops:
D:4 %[


Innate Abilities, Weirdness & Mutations

Your plain brown scales are hard (AC +6).
Your body does not fit into most forms of armour.
You are cold-blooded and may be slowed by cold attacks.


Message History

* * * LOW HITPOINT WARNING * * *
You feel sick.
* * * LOW HITPOINT WARNING * * *
You feel sick.
* * * LOW HITPOINT WARNING * * *
You feel sick.
* * * LOW HITPOINT WARNING * * *
You feel sick. The gnoll hits you but does no damage.
You are more poisoned.
* * * LOW HITPOINT WARNING * * *
You feel sick.
* * * LOW HITPOINT WARNING * * *
You feel sick.
* * * LOW HITPOINT WARNING * * *
You feel sick.
There is a stone staircase leading up here.
You aren't carrying any potions.
Read which item? (? for menu, Esc to quit)
Okay, then.
You die...

############# #..))).......
##.########## #.# #####.#
#####.# #.....# #.....
#@..g.### #.##### #.....
###.....# #.# #.....#
#.....# #.# #.....# #.....#
#.# #.....####.....# #.# #
#.....##.†.....####.## .
####.....##.#.#####.#...###.
..
......≈≈≈.............../..<
.#
.#.≈≈≈≈≈###.#...........∩.


You could see a gnoll (inner flame).

Vanquished Creatures
  The ghost of George the Cudgeler, an amateur GrFi (D:3)
  A giant frog skeleton (D:4)
  A worker ant (D:4)
  2 adders (D:2)
  3 gnolls (D:4)
  2 worms
  8 giant geckos
  2 orcs (D:3)
  14 goblins
  8 hobgoblins
  8 jackals
  14 kobolds
  2 ball pythons (D:1)
  10 bats
  4 giant cockroaches
  7 giant newts
  A quokka skeleton (D:4)
  6 rats
94 creatures vanquished.

Notes
Turn   | Place    | Note
--------------------------------------------------------------
     0 | D:1      | BiggieSmalls the Draconian Berserker began the quest for the Orb.
     0 | D:1      | Reached XP level 1. HP: 19/19 MP: 1/1
   239 | D:1      | Reached XP level 2. HP: 19/26 MP: 2/2
   849 | D:1      | Reached XP level 3. HP: 21/31 MP: 3/3
   979 | D:1      | Reached ** piety under Trog
  1066 | D:2      | Found a faded altar to an unknown god.
  1297 | D:2      | Reached XP level 4. HP: 40/40 MP: 4/4
  1482 | D:2      | Found a bloodstained altar of Trog.
  1962 | D:3      | Found a deep blue altar of Sif Muna.
  1967 | D:3      | Found a sparkling altar of Nemelex Xobeh.
  1970 | D:3      | Found an opulent altar of Gozag.
  2025 | D:3      | Reached *** piety under Trog
  2095 | D:3      | Noticed George's ghost (amateur GrFi)
  2116 | D:3      | Killed George's ghost
  2116 | D:3      | Reached skill level 4 in Fighting
  2116 | D:3      | Reached skill level 1 in Stealth
  2116 | D:3      | Reached XP level 5. HP: 46/46 MP: 5/5
  2116 | D:3      | Reached XP level 6. HP: 52/52 MP: 6/6
  2901 | D:4      | Found Elicew's Food Boutique.
  3144 | D:4      | Found Utarou Betz's Antique Armour Shop.
  3230 | D:4      | Reached skill level 5 in Dodging
  3245 | D:4      | HP: 2/53 [poisoned by a gnoll]
  3247 | D:4      | Succumbed to a gnoll's poison

Action                   |  1- 3 |  4- 6 || total
-------------------------+-------+-------++-------
Melee: Hand axe          |   146 |   169 ||   315
Invok: Berserk           |       |     1 ||     1
  Use: Scroll            |     4 |     4 ||     8
       Potion            |     1 |     4 ||     5
 Stab: Distracted        |     1 |       ||     1
       Sleeping          |     1 |     2 ||     3
  Eat: Bread ration      |     1 |     1 ||     2
       Beef jerky        |       |     1 ||     1
